 Dungeon Crawl Stone Soup version 0.15.1-1-gfacfea3 (webtiles) character file.

14123 Kex the Grappler (level 11, 0/117 HPs)
             Began as a Troll Transmuter on Sept 22, 2014.
             Was a High Priest of Okawaru.
             Succumbed to Sonja's curare-tipped needle
             ... on Level 12 of the Dungeon.
             The game lasted 01:01:40 (11078 turns).

Kex the Grappler (Troll Transmuter)                Turns: 11078, Time: 01:01:40

HP   0/117       AC 20     Str 20      XL: 11   Next: 84%
MP  18/18        EV  8     Int 13      God: Okawaru [*****.]
Gold 712         SH  0     Dex 16      Spells:  2 memorised, 14 levels left

rFire  + + .     SeeInvis .       - Unarmed
rCold  x . .     Clarity  .     N - +1 fire dragon armour
rNeg   . . .     rCorr    .     (shield restricted)
rPois  .         rRot     .     (helmet restricted)
rElec  .         Spirit   .     G - +2 cloak {MR+}
SustAb .         Warding  .     (gloves unavailable)
rMut   .         Stasis   .     (boots unavailable)
Gourm  +                        (no amulet)
MR     .....                    (no ring)
                                p - +4 ring of dexterity

@: brilliant, lethally poisoned, short of breath, appendage (expiring),
vulnerable, slowed, very slow, not resistant to hostile enchantments, extremely
unstealthy
A: unfitting armour, claws 3, hooves 1, horns 2, icy blue scales 2, rugged brown
scales 1, deterioration 1, dopey 1, fast metabolism 3, gourmand, regeneration 2,
robust 1, saprovore 2, screaming 1, shaggy fur 1, spit poison 1, tough skin 2
a: Spit Poison, End Transformation, Heroism, Finesse, Renounce Religion


You were on level 12 of the Dungeon.
You worshipped Okawaru.
Okawaru was extremely pleased with you.
You were very full.
You had grown temporary horns.
You visited 1 branch of the dungeon, and saw 12 of its levels.

You collected 712 gold pieces.

Inventory:

Missiles
 I - 55 arrows
Armour
 G - a +2 cloak of magic resistance (worn)
 N - a +1 fire dragon armour (worn)
Magical devices
 v - a wand of draining (2)
 A - a wand of slowing (10)
 B - a wand of polymorph (21)
 D - a wand of fireball (1)
 L - a wand of cold (10)
 M - a wand of confusion (6)
 S - a wand of confusion (8)
Comestibles
 a - 9 meat rations
 m - 3 fruits
 s - a beef jerky
 t - 4 rotting chunks of orc flesh
 w - 6 bread rations
 F - 3 rotting chunks of sky beast flesh
 H - a rotting chunk of orc flesh
 J - 4 rotting chunks of orc flesh
 P - 5 chunks of yak flesh
 Q - 13 rotting chunks of yak flesh
 R - a slice of pizza
Scrolls
 e - 2 scrolls of identify
 g - a scroll of blinking
 h - 2 scrolls of fear
 j - 3 scrolls of fog
 l - 3 scrolls of enchant weapon
 n - 3 scrolls of magic mapping
 o - 2 scrolls of teleportation
 q - 4 scrolls of remove curse
 y - 3 scrolls of amnesia
Jewellery
 c - a +5 ring of intelligence {unknown}
 p - a +4 ring of dexterity (left claw)
Potions
 f - a potion of restore abilities
 i - a potion of agility
 u - a potion of poison
 K - 2 potions of invisibility
Books
 d - a book of Changes

   Spells                             Type                      Level
   *Beastly Appendage                 Transmutation                1
   Sticks to Snakes                   Transmutation                2
   Spider Form                        Transmutation/Poison         3
   Ice Form                           Ice/Transmutation            4
   Blade Hands                        Transmutation                5
 r - a book of Hinderance

   Spells                             Type                      Level
   Confusing Touch                    Hexes                        2
   Confuse                            Hexes                        3
   Petrify                            Transmutation/Earth          4
   Leda's Liquefaction                Hexes/Earth                  4
   Metabolic Englaciation             Hexes/Ice                    5
   Summon Mana Viper                  Hexes/Summoning              5
 E - a book of the Warp

   Spells                             Type                      Level
   *Control Teleport                  Charms/Translocation         4
   Phase Shift                        Translocation                5
   Warp Weapon                        Charms/Translocation         5
   Dispersal                          Translocation                6
   Controlled Blink                   Translocation                7
   Disjunction                        Translocation                8
Miscellaneous
 O - a phial of floods


   Skills:
 + Level 5.4 Fighting
 * Level 4.5 Armour
 + Level 6.3 Dodging
 + Level 1.5 Stealth
 + Level 8.2 Unarmed Combat
 * Level 4.9 Spellcasting
 * Level 5.3 Translocations
 * Level 6.9 Transmutations
 + Level 0.1 Evocations


You had 14 spell levels left.
You knew the following spells:

 Your Spells              Type           Power        Failure   Level  Hunger
a - Beastly Appendage     Trmt           ####..       1%          1    None
b - Control Teleport      Chrm/Tloc      ###.......   36%         4    ####...


Dungeon Overview and Level Annotations

Branches:
Dungeon (12/15)            Temple (0/1) D:6             Orc (0/4) D:11
   Lair (0/8) D:8

Altars:
Ashenzari
Okawaru
Qazlal
Trog
Xom
Zin
The Shining One

Annotations:
D:12 Sonja


Innate Abilities, Weirdness & Mutations

You are too large for most types of armour.
You have claws for hands.
Your metabolism is lightning-fast.
You like to eat raw meat.
You heal very quickly.
You can eat rotten meat.
You are covered in fur (AC +1).
You have very tough skin (AC +2).
You have large cloven feet.
You have a pair of horns on your head.
You are mostly covered in icy blue scales (AC +3, EV -1).
You are partially covered in rugged brown scales (AC +1, +3% HP).
Your body is slowly deteriorating.
You are dopey. (Int -2)
You are robust (+10% HP).
You occasionally shout uncontrollably at your foes.
You can spit poison.


Message History

You feel clever all of a sudden.
It was a potion of brilliance.
* * * LOW HITPOINT WARNING * * *
You feel very sick.
Read which item? (? for menu, Esc to quit)
As you read the scroll labeled PLIMUTR PHABRUY, it crumbles to dust.
It is a scroll of recharging.
Charge which item? (? for menu, Esc to quit)
Your wand of polymorph {zapped: 1} glows for a moment.
* * * LOW HITPOINT WARNING * * *
You feel very sick.
Read which item? (? for menu, Esc to quit)
As you read the scroll labeled RUIJOA FREHUR, it crumbles to dust.
Magic quickly surges around you.
It was a scroll of vulnerability.
Your transformation is almost over.
* * * LOW HITPOINT WARNING * * *
You feel very sick.
Read which item? (? for menu, Esc to quit)
Okay, then.
You die...

# #########
#### # #
#.........
#.. .#
#####.#######
#.#..#.#
'...........#
#@.....#
#####.#####.#
###..### #
#.# .# #.# #
#####.#
<.....#
############
# #........#
# #........#


There were no monsters in sight!

Vanquished Creatures
  A hydra (D:11)
  Urug (D:11)
  4 hill giants (D:10)
  An unseen horror (D:12)
  Pikel (D:7)
  Maurice (D:8)
  A gargoyle (D:12)
  A troll (D:9)
  A hydra skeleton (D:10)
  Prince Ribbit (D:9)
  A shadow (D:12)
  2 wraiths
  2 deep elf magi
  Grum (D:8)
  8 yaks
  2 hungry ghosts
  2 hippogriffs
  4 wolves (D:8)
  A steam dragon (D:10)
  A soldier ant (D:10)
  A yellow wasp (D:10)
  An ice beast (D:7)
  2 water moccasins
  2 necrophages (D:10)
  4 phantoms
  10 orc warriors
  2 black bears (D:7)
  5 ogres
  3 sky beasts
  2 centaurs
  A big kobold (D:9)
  Blork the orc (D:8)
  3 giant frogs
  3 scorpions
  A water moccasin zombie (D:6)
  A water moccasin skeleton (D:8)
  A cyclops skeleton (D:12)
  2 wolf zombies (D:8)
  A yak skeleton (D:7)
  An eye of draining (D:12)
  A goliath beetle (D:7)
  5 hounds
  4 crimson imps
  A kobold skeleton (D:9)
  4 jellies
  3 iguanas
  A quasit (D:6)
  Natasha (thrice) (D:6)
  8 orc priests
  14 orc wizards
  6 worker ants
  A sky beast zombie (D:6)
  The ghost of teukkam the Grasshopper, a weakling DrWr (D:3)
  A mummy (D:8)
  11 adders
  3 orc skeletons
  2 giant mites
  A green rat (D:8)
  6 shadow imps
  An inept feature mimic (D:4)
  3 worms
  2 adder skeletons (D:4)
  9 giant geckos
  2 oozes
  50 orcs
  2 bat skeletons (D:4)
  4 giant cockroaches
  11 goblins
  13 hobgoblins
  6 jackals
  17 kobolds
  4 quokkas
  A ball python (D:3)
  12 bats
  A giant gecko skeleton (D:5)
  6 giant newts
  A jackal zombie (D:8)
  16 rats
  2 ballistomycetes
  A fungus (D:8)
324 creatures vanquished.

Vanquished Creatures (others)
  An adder (D:7)
  2 giant spores
  3 fungi (D:8)
6 creatures vanquished.

Grand Total: 330 creatures vanquished

Notes
Turn   | Place    | Note
--------------------------------------------------------------
     0 | D:1      | Kex, the Troll Transmuter, began the quest for the Orb.
     0 | D:1      | Reached XP level 1. HP: 18/18 MP: 2/2
   155 | D:1      | Reached XP level 2. HP: 26/26 MP: 1/2
   517 | D:1      | Reached skill level 1 in Fighting
   616 | D:1      | Reached XP level 3. HP: 33/33 MP: 1/3
   844 | D:2      | Found a bloodstained altar of Trog.
   845 | D:2      | Found a shattered altar of Ashenzari.
   849 | D:2      | Found a stormy altar of Qazlal.
   966 | D:2      | Found a shimmering altar of Xom.
  1234 | D:3      | Reached XP level 4. HP: 41/41 MP: 4/4
  1289 | D:3      | Noticed teukkam's ghost (weakling DrWr)
  1303 | D:3      | Killed teukkam's ghost
  1651 | D:3      | Found an iron altar of Okawaru.
  1664 | D:3      | Reached XP level 5. HP: 43/48 MP: 5/5
  1690 | D:3      | Became a worshipper of Warmaster Okawaru
  2687 | D:5      | Entered Level 5 of the Dungeon
  2852 | D:5      | Reached skill level 4 in Unarmed Combat
  2870 | D:5      | Reached XP level 6. HP: 47/57 MP: 5/7
  2976 | D:5      | Noticed an ogre
  2988 | D:5      | Killed an ogre
  3190 | D:5      | Noticed a sky beast
  3205 | D:5      | Killed a sky beast
  3205 | D:5      | Reached XP level 7. HP: 28/66 MP: 8/8
  4118 | D:6      | Acquired Okawaru's first power
  4138 | D:6      | Learned a level 4 spell: Control Teleport
  4260 | D:6      | Found a staircase to the Ecumenical Temple.
  4431 | D:6      | Reached XP level 8. HP: 53/75 MP: 9/9
  4508 | D:6      | Reached skill level 1 in Stealth
  4573 | D:6      | Noticed Natasha
  4578 | D:6      | Killed Natasha
  4605 | D:6      | Noticed Natasha
  4608 | D:6      | Killed Natasha
  4627 | D:6      | Reached skill level 1 in Translocations
  4716 | D:6      | Noticed Natasha
  4721 | D:6      | Killed Natasha
  4998 | D:7      | Reached skill level 5 in Unarmed Combat
  5334 | D:7      | Noticed Pikel
  5353 | D:7      | Killed Pikel
  5353 | D:7      | Reached XP level 9. HP: 68/84 MP: 13/13
  5777 | D:8      | Noticed Maurice
  5779 | D:8      | Paralysed by something for 2 turns
  5804 | D:8      | Paralysed by something for 6 turns
  5822 | D:8      | Killed Maurice
  5840 | D:8      | Noticed Blork the orc
  5862 | D:8      | Killed Blork the orc
  5862 | D:8      | Reached skill level 6 in Unarmed Combat
  5963 | D:8      | Found a staircase to the Lair.
  5989 | D:8      | Noticed Grum
  6004 | D:8      | Killed Grum
  6004 | D:8      | Reached skill level 5 in Transmutations
  6010 | D:8      | Reached skill level 5 in Dodging
  6718 | D:9      | Reached XP level 10. HP: 91/94 MP: 14/14
  6857 | D:9      | Noticed Prince Ribbit
  7216 | D:9      | Gained mutation: You are partially covered in icy blue scales (AC +1). [potion of mutation]
  7216 | D:9      | Gained mutation: You are robust (+10% HP). [potion of mutation]
  7221 | D:9      | Killed Prince Ribbit
  7335 | D:9      | Found a glowing golden altar of the Shining One.
  7472 | D:9      | Found a glowing silver altar of Zin.
  7884 | D:9      | Reached skill level 7 in Unarmed Combat
  8015 | D:9      | Gained mutation: You occasionally shout uncontrollably at your foes. [potion of mutation]
  8015 | D:9      | Gained mutation: Your body is slowly deteriorating. [potion of mutation]
  8015 | D:9      | Gained mutation: You have large cloven feet. [potion of mutation]
  8016 | D:9      | Gained mutation: You are dopey. (Int -2) [potion of mutation]
  8016 | D:9      | Gained mutation: You are partially covered in rugged brown scales (AC +1, +3% HP). [potion of mutation]
  8016 | D:9      | Gained mutation: You are mostly covered in icy blue scales (AC +3, EV -1). [potion of mutation]
  8365 | D:10     | Entered Level 10 of the Dungeon
  8385 | D:10     | Reached skill level 1 in Armour
  8467 | D:10     | Gained mutation: You can spit poison. [potion of beneficial mutation]
  8531 | D:10     | Noticed a hill giant
  8538 | D:10     | Killed a hill giant
  8548 | D:10     | Noticed a hill giant
  8558 | D:10     | Killed a hill giant
  8583 | D:10     | Noticed a hill giant
  8590 | D:10     | Killed a hill giant
  8590 | D:10     | Reached skill level 5 in Fighting
  8590 | D:10     | Reached XP level 11. HP: 112/115 MP: 14/17
  9070 | D:10     | Noticed a hill giant
  9077 | D:10     | Killed a hill giant
  9082 | D:10     | Acquired Okawaru's second power
  9466 | D:11     | Noticed Urug
  9486 | D:11     | Killed Urug
 10004 | D:11     | Found a staircase to the Orcish Mines.
 10083 | D:11     | Noticed a seven-headed hydra
 10103 | D:11     | Killed a 11-headed hydra
 10599 | D:12     | Reached skill level 5 in Translocations
 10788 | D:12     | Reached skill level 8 in Unarmed Combat
 10864 | D:12     | Received a gift from Okawaru
 10970 | D:12     | Killed an unseen horror
 11061 | D:12     | Noticed Sonja
 11076 | D:12     | HP: 4/117 [poisoned by Sonja (curare-tipped needle)]
 11078 | D:12     | Succumbed to Sonja's curare-tipped needle

Action                   |  1- 3 |  4- 6 |  7- 9 | 10-12 || total
-------------------------+-------+-------+-------+-------++-------
Melee: Unarmed           |    88 |   169 |   397 |   467 ||  1121
 Cast: Beastly Appendage |    23 |    28 |    63 |    66 ||   180
Evoke: Wand              |       |       |     5 |     1 ||     6
  Use: Potion            |       |       |     8 |    13 ||    21
       Scroll            |       |       |     7 |    13 ||    20
 Stab: Distracted        |       |       |     1 |       ||     1
       Sleeping          |       |       |     1 |       ||     1
  Eat: Chunk             |    18 |    19 |    34 |    40 ||   111
